 Dungeon Sprint DCSS version 0.22-a0-322-g60b3cfd (webtiles) character file.

266 Arma the Fighter (level 6, -2/62 HPs)
             Began as a Hill Orc Fighter on Apr 1, 2018.
             Slain by a slime creature (5 damage)
             ... in the Dungeon (Sprint I: "Red Sonja").
             The game lasted 00:01:22 (356 turns).

Arma the Fighter (Hill Orc Fighter)                  Turns: 356, Time: 00:01:22

Health: -2/62      AC:  8    Str: 21    XL:     6   Next: 20%
Magic:  6/6        EV:  8    Int:  8    God:
Gold:   162        SH: 11    Dex: 10    Spells: 5/5 levels left

rFire    . . .     SeeInvis .   a - +0 rapier
rCold    . . .     Gourm    .   c - +0 shield
rNeg     . . .     Faith    .   b - +0 scale mail
rPois    .         Spirit   .   (no helmet)
rElec    .         Reflect  .   (no cloak)
rCorr    .         Harm     .   (no gloves)
MR       .....     NoTele   +   (no boots)
Stlth    ..........             (no amulet)
HPRegen  0.20/turn              (no ring)
MPRegen  0.10/turn              (no ring)

@: no status effects
A: no striking features
a: no special abilities


You were in the Dungeon.
You were not hungry.

You visited 1 branch You collected 162 gold pieces.

Inventory:

Hand Weapons
 a - a +0 rapier (weapon)
Armour
 b - a +0 scale mail (worn)
 c - a +0 shield (worn)
Scrolls
 k - a scroll of blinking
Potions
 d - a potion of might
 e - a potion of curing
 g - a potion of heal wounds
 h - a potion of haste
 i - 2 potions of magic
 j - a potion of berserk rage
Comestibles
 f - a ration


   Skills:
 + Level 8.4 Fighting
 + Level 5.4 Short Blades
 + Level 7.9 Armour
 + Level 1.0 Dodging
 + Level 7.8 Shields


You had 5 spell levels left.
You didn't know any spells.

Dungeon Overview and Level Annotations

Branches:
Dungeon (1/1)

Altars:
Makhleb
Xom
Jiyva
Lugonu


Message History

The slime creature is heavily wounded.
The slime creature hits you.
You hit the slime creature.
The slime creature is heavily wounded.
The slime creature hits you!
* * * LOW HITPOINT WARNING * * *
Your shield and scale mail prevent you from hitting the slime creature.
The slime creature is heavily wounded.
The slime creature hits you!
* * * LOW HITPOINT WARNING * * *
You puncture the slime creature!
The slime creature is severely wounded.
You block the slime creature's attack.
You hit the slime creature.
The slime creature is severely wounded.
The slime creature hits you but does no damage.
You puncture the slime creature!
The slime creature is almost dead.
The slime creature hits you.
You die...

###################
#<.#..').#..'..#__#
#..').#..').#..@J.+
#..#####'#####+#__#
#..# #..# ### #..#
#### #..# #⌠⌠# ####


You could see a slime creature.

Vanquished Creatures
  Sigmund (D)
  An ogre (D)
  Ijyb (D)
3 creatures vanquished.

Notes
Turn   | Place    | Note
-------+----------+-------------------------------------------
     0 | D        | Arma the Hill Orc Fighter began the quest for the Orb.
     0 | D        | Reached XP level 1. HP: 19/19 MP: 1/1
     1 | D        | Noticed Ijyb
    20 | D        | Killed Ijyb
    20 | D        | Reached skill level 5 in Fighting
    20 | D        | Reached XP level 2. HP: 23/29 MP: 2/2
    20 | D        | Reached XP level 3. HP: 29/36 MP: 3/3
    23 | D        | Noticed an ogre
    30 | D        | Killed an ogre
    30 | D        | Reached skill level 6 in Fighting
    30 | D        | Reached XP level 4. HP: 14/45 MP: 4/4
   244 | D        | Noticed Sigmund
   251 | D        | Killed Sigmund
   251 | D        | Reached skill level 8 in Fighting
   251 | D        | Reached skill level 5 in Short Blades
   251 | D        | Reached skill level 1 in Dodging
   251 | D        | Reached XP level 5. HP: 41/56 MP: 5/5
   251 | D        | Reached XP level 6. HP: 45/62 MP: 6/6
   345 | D        | Found a burning altar of Makhleb.
   345 | D        | Found a viscous altar of Jiyva.
   345 | D        | Found a shimmering altar of Xom.
   345 | D        | Found a corrupted altar of Lugonu.
   345 | D        | Noticed a slime creature
   353 | D        | HP: 2/62 [slime creature (11)]
   356 | D        | Slain by a slime creature

Vault maps used:
D:        dungeon_sprint_1

Skill      XL: |  1  2  3  4 |
---------------+-------------+-----
Fighting       | 5 6 8 |  8.4
Armour         | 4 6 7 |  7.9
Shields        | 4 6 7 |  7.8
Short Blades   | 4 5 |  5.4
Dodging        | 1 |  1.0

Action                   |  1- 3 |  4- 6 || total
-------------------------+-------+-------++-------
Melee: Rapier            |    24 |    15 ||    39
Armor: Scale mail        |     7 |     2 ||     9
Dodge: Dodged            |     3 |     1 ||     4
Block: Shield            |     8 |     3 ||    11

Table legend:
 A = Spawn XP
 B = Non-spawn XP
 C = Spawn XP percentage of total XP
 D = Spawn monster count
 E = Non-spawn monster count
 F = Spawn count percentage of total count
 G = Total turns spent on level
                    A         B        C        D         E        F      G
               +---------+---------+-------+---------+---------+-------+---------
         Total |       0 |     380 |   0.0 |       0 |       3 |   0.0 |   356
               +---------+---------+-------+---------+---------+-------+---------
             D |       0 |     380 |   0.0 |       0 |       3 |   0.0 |   356
               +---------+---------+-------+---------+---------+-------+---------
